 Dungeon Crawl Stone Soup version 0.19.1 (webtiles) character file.

14 Firecrotchwizard the Digger (level 2, 0/15 HPs)
             Began as a Gargoyle Earth Elementalist on Nov 29, 2016.
             Slain by an iguana (4 damage)
             ... on level 1 of the Dungeon.
             The game lasted 00:06:38 (930 turns).

Firecrotchwizard the Digger (GrEE)                   Turns: 930, Time: 00:06:39

Health: 0/15       AC:  4    Str: 11    XL:     2   Next: 45%
Magic:  1/5        EV: 12    Int: 15    God:
Gold:   46         SH:  0    Dex: 10    Spells: 1 memorised, 5 levels left

rFire  . . .     SeeInvis .     g - +0 whip
rCold  . . .     Gourm    .     c - +0 robe
rNeg   + . .     Faith    .     (no shield)
rPois  ∞         Spirit   .     (no helmet)
rElec  +         Reflect  .     (no cloak)
rCorr  .         Harm     .     (no gloves)
MR     .....                    (no boots)
Stlth  ++........               (no amulet)
                                (no ring)
                                (no ring)

@: very slightly contaminated
A: negative energy resistance 1, electricity resistance, unbreathing,
petrification resistance, rot immunity, AC +2
a: no special abilities


You were on level 1 of the Dungeon.
You were not hungry.

You visited 1 branch of the dungeon, and saw 1 of its levels.

You collected 46 gold pieces.

Inventory:

Hand Weapons
 f - a +0 spear
 g - a +0 whip (weapon)
Missiles
 b - 92 stones (quivered)
Armour
 c - a +0 robe (worn)
Scrolls
 a - 2 scrolls of identify {unknown}
 h - a scroll of noise {unknown}
 j - a scroll of teleportation {unknown}
Potions
 i - 2 potions of lignification {unknown}
Books
 e - a book of Geomancy

   Spells                             Type                      Level
   a - Sandblast                      Earth                        1
   b - Passwall                       Transmutation/Earth          2
   c - Stone Arrow                    Conjuration/Earth            3
   d - Petrify                        Transmutation/Earth          4
   e - Lee's Rapid Deconstruction     Earth                        5
Comestibles
 d - 2 bread rations


   Skills:
 - Level 1.5 Dodging
 - Level 2.1 Stealth
 * Level 2.7 Spellcasting
   Level 0.7 Transmutations
 + Level 3.8 Earth Magic


You had 5 spell levels left.
You knew the following spells:

 Your Spells              Type           Power        Failure   Level  Hunger
a - Sandblast             Erth           ##....       4%          1    #......


Dungeon Overview and Level Annotations

Branches:
Dungeon (1/15)

Altars:


Innate Abilities, Weirdness & Mutations

You are resistant to torment.
Your stone body is resilient. (AC +2)
You are immune to poison.
You resist negative energy. (rN+)
You are resistant to electric shocks. (rElec)
You can survive without breathing.
You are immune to petrification.
You are immune to rotting.


Message History

The kobold throws a stone.
The stone hits you but does no damage.
You see here a stone.
The kobold throws a stone.
The stone misses you.
The kobold throws a stone.
The stone hits you but does no damage.
You see here a stone.
An iguana comes into view.
The iguana hisses angrily.
The kobold throws a stone.
The stone hits you.
* * * LOW HITPOINT WARNING * * *
You see here a stone.
Casting: Sandblast
Confirm with . or Enter, or press ? or * to list all spells.
Aiming: Sandblast
Press: ? - help, Shift-Dir - straight line, f - iguana, p - kobold
Aim: an iguana You miscast Sandblast.
You are very lightly contaminated with residual magic.
The floor shifts beneath you alarmingly!
The iguana bites you.
You die...

#......###########.##....######
'..............###.##...........
#...........##K.##.##...........
##..........###.##.##...........
#..........# #.................
#......K(### #........#########
#........# #........#
##..).....# #........#
.#........# #.@......#
.'...##..K######.l.....#
.###..........##r......# .#
#.######..(##.#'##### ##
#.#..(K.K.(#.)....#
###.#.###....#......#
#.......#.#.##......#
#..[....#.#.##......#
#.......#.#.##......#


You could see an iguana, a kobold and a rat.

Vanquished Creatures
  2 bats (D:1)
  2 giant cockroaches (D:1)
  A goblin (D:1)
  A hobgoblin (D:1)
  2 jackals (D:1)
  A frilled lizard (D:1)
  4 kobolds (D:1)
13 creatures vanquished.

Notes
Turn   | Place    | Note
-------+----------+-------------------------------------------
     0 | D:1      | Firecrotchwizard the Gargoyle Earth Elementalist began the quest for the Orb.
     0 | D:1      | Reached XP level 1. HP: 10/10 MP: 3/3
     1 | D:1      | Noticed an electric eel
   392 | D:1      | Reached XP level 2. HP: 15/15 MP: 1/5
   930 | D:1      | Slain by an iguana

Action                   || total
-------------------------++-------
Melee: Spear             ||     6
       Unarmed           ||     1
       Whip              ||    20
 Cast: Sandblast         ||    25
 Stab: Sleeping          ||     1
Armor: Robe              ||    14
Dodge: Dodged            ||    35
